 Dungeon Crawl Stone Soup version 0.26-a0-651-gb41185065b (webtiles) character file.

Game seed: 15944317624304805748

12191 kae the Grappler (level 11, -5/77 HPs)
             Began as a Yellow Draconian Transmuter on Oct 23, 2020.
             Was a Priest of Wu Jian.
             Slain by a manticore (10 damage)
             ... on level 11 of the Dungeon.
             The game lasted 00:13:09 (16222 turns).

kae the Grappler (Yellow Draconian Transmuter)     Turns: 16222, Time: 00:13:11

Health: -5/77      AC: 13    Str: 16    XL:     11   Next: 59%
Magic:  10/17      EV: 12    Int: 14    God:    Wu Jian [***...]
Gold:   634        SH:  0    Dex: 11    Spells: 3/18 levels left

rFire    . . .     SeeInvis .     - Unarmed
rCold    . . .     Faith    .   (shield currently unavailable)
rNeg     . . .     Spirit   .   (armour unavailable)
rPois    .         Reflect  .   (helmet restricted)
rElec    .         Harm     .   e - +2 cloak
rCorr    +         Rampage  .   (gloves currently unavailable)
MR       .....                  j - +2 pair of boots
Stlth    ++........             (no amulet)
HPRegen  0.22/turn              d - ring of stealth
MPRegen  0.15/turn              (no ring)

@: blade hands
A: spit acid, unfitting armour, cold-blooded, acid resistance, AC +7
a: Breathe Acid, End Transformation, Wall Jump, Serpent's Lash, Renounce
Religion


You were on level 11 of the Dungeon.
You worshipped Wu Jian.
Wu Jian was most pleased with you.
You had blades for hands.
You visited 2 branches of the dungeon, and saw 12 of its levels.

You collected 634 gold pieces.

Inventory:

Armour
 e - a +2 cloak (worn)
 j - a +2 pair of boots (worn)
Jewellery
 d - a ring of stealth (left scythe-like blade)
Wands
 l - a wand of iceblast (12)
 q - a wand of random effects (20)
 r - a wand of disintegration (49)
 x - a wand of digging (13)
 z - a wand of acid (11)
 A - a wand of paralysis (7)
Scrolls
 b - 5 scrolls of teleportation
 h - a scroll of enchant armour
 n - a scroll of blinking
 u - 3 scrolls of amnesia
 v - 3 scrolls of enchant weapon
 w - 2 scrolls of fear
 y - a scroll of silence
Potions
 a - a potion of ambrosia
 c - 2 potions of lignification
 f - 2 potions of brilliance
 g - a potion of invisibility
 i - a potion of magic
 k - 3 potions of stabbing
 m - 2 potions of heal wounds
 o - 2 potions of berserk rage
 p - a potion of mutation
 s - 2 potions of resistance
 t - a potion of haste


   Skills:
 - Level 1.1 Fighting
 - Level 1.7 Dodging
 * Level 14.2 Unarmed Combat
 - Level 4.0 Spellcasting
 + Level 10.5 Transmutations
 + Level 3.6 Ice Magic


You had 3 spell levels left.
You knew the following spells:

 Your Spells              Type           Power        Failure   Level
a - Beastly Appendage     Tmut           ####..       10%         1
b - Wereblood             Tmut           ####....     11%         2
c - Spider Form           Tmut/Pois      ###.......   38%         3
d - Blade Hands           Tmut           ####......   38%         5
e - Ice Form              Ice/Tmut       ###.....     47%         4

Your spell library contained the following spells:

 Spells                   Type           Power        Failure   Level
 Animate Skeleton         Necr           #.....       61%         1
 Pain                     Necr           #...         61%         1
 Vampiric Draining        Necr           #.........   87%         3
 Animate Dead             Necr           #.........   99%         4
 Agony                    Necr           #.......     100%        5


Dungeon Overview and Level Annotations

Branches:
Dungeon (11/15)            Temple (1/1) D:6            Lair (0/6) D:10
    Orc (0/2) D:10

Altars:
Ashenzari
Cheibriados
Dithmenos
Elyvilon
Fedhas
Gozag
Hepliaklqana
Kikubaaqudgha
Makhleb
Nemelex Xobeh
Okawaru
Qazlal
Ru
Sif Muna
Trog
Uskayaw
Vehumet
Wu Jian
Xom
Yredelemnul
Zin
The Shining One

Shops:
D:5 [   D:10 [

Annotations:
D:5 exclusion: door
D:7 2 transporters, emiel's ghost, novice KoIE
D:8 Erica
D:11 exclusion: 2 oklob plants


Innate Abilities, Weirdness & Mutations

You can spit globs of acid.
Your golden yellow scales are hard. (AC +7)
You cannot fit into any form of body armour.
You are cold-blooded and may be slowed by cold attacks.
You are resistant to acid. (rCorr)


Message History

The bullfrog barely misses you.
You slice the bullfrog!!
You kill the bullfrog!
The Council accepts your kill.
You slice the manticore!! You slash the manticore.
The manticore is heavily wounded.
The manticore bites you! The manticore claws you!
* * * LOW HITPOINT WARNING * * *
The manticore claws you but does no damage.
You barely miss the manticore.
You tail-slap the manticore, but do no damage.
Your slash misses the manticore.
The manticore is heavily wounded.
You slash the manticore!
You tail-slap the manticore, but do no damage.
The manticore is severely wounded.
The manticore bites you!
* * * LOW HITPOINT WARNING * * *
The manticore barely misses you. The manticore claws you!
You die...

.. #!.## #.
...# ####.##
<....#
######..#####.#
.....>....../.#
#####.†#######
#).#######
#)@H......
##.####### .>.
..... .......
#........
#.........
#.......###


You could see a manticore.

Vanquished Creatures
  A hydra (D:11)
  2 two-headed ogres
  Sonja (D:11)
  Maurice (D:9)
  Psyche (D:8)
  A troll (D:9)
  Grinder (D:4)
  2 slime creatures (D:5)
  2 hippogriffs (D:9)
  A shadow (D:9)
  A wyvern (D:11)
  15 yaks
  2 wargs (D:10)
  Duvessa (D:4)
  The ghost of Finra the Chopper, an amateur OgBe of Trog (D:3)
  An eye of draining (D:10)
  2 ice beasts
  4 orc warriors
  2 black bears
  3 sky beasts
  A centaur (D:9)
  2 phantoms
  4 ogres
  A crocodile (D:9)
  6 big kobolds
  5 bullfrogs
  Dowan (D:4)
  A wyvern skeleton (D:10)
  A water moccasin zombie (D:9)
  2 scorpions
  3 jellies
  8 wights
  A howler monkey (D:10)
  8 hounds
  A bullfrog zombie (D:6)
  10 orc wizards
  2 centaur skeletons
  2 iguanas
  8 orc priests
  3 bullfrog skeletons (D:5)
  Terence (D:2)
  4 worker ants
  A hound zombie (D:8)
  A hound skeleton (D:3)
  A howler monkey zombie (D:10)
  A worker ant zombie (D:5)
  A howler monkey skeleton (D:8)
  13 adders
  4 white imps
  3 ufetubi
  7 oozes
  5 adder skeletons
  An adder zombie (D:7)
  3 worms
  A dart slug (D:2)
  2 leopard geckos
  49 orcs
  A ball python (D:3)
  12 giant cockroaches
  6 goblins
  8 hobgoblins
  15 jackals
  9 quokkas
  6 bats
  4 frilled lizards
  23 kobolds
  A leopard gecko skeleton (D:3)
  2 quokka skeletons
  5 rats
  A butterfly (D:6)
306 creatures vanquished.

Vanquished Creatures (others)
  A hound (D:10)
  An orc priest (D:10)
  2 adders (D:10)
  2 orcs (D:10)
  A jackal (D:10)
  7 fungi (D:5)
  A plant (D:10)
  10 toadstools (D:5)
25 creatures vanquished.

Grand Total: 331 creatures vanquished

Notes
Turn   | Place    | Note
-------+----------+-------------------------------------------
     0 | D:1      | kae the Draconian Transmuter began the quest for the Orb.
     0 | D:1      | Reached XP level 1. HP: 16/16 MP: 3/3
   241 | D:1      | Reached XP level 2. HP: 22/23 MP: 3/5
   796 | D:2      | Reached XP level 3. HP: 17/28 MP: 4/6
   800 | D:2      | Learned a level 2 spell: Wereblood
   804 | D:2      | Learned a level 3 spell: Spider Form
  1295 | D:2      | Reached skill level 4 in Unarmed Combat
  1750 | D:2      | Reached XP level 4. HP: 23/35 MP: 5/7
  1927 | D:2      | Found a snail-covered altar of Cheibriados.
  2405 | D:2      | Noticed Terence
  2423 | D:2      | Killed Terence
  2780 | D:3      | Reached skill level 5 in Unarmed Combat
  3123 | D:2      | HP: 1/35 [orc priest/divine providence (15)]
  3127 | D:2      | Reached XP level 5. HP: 27/40 MP: 8/8
  3723 | D:3      | Found a runed translucent gate.
  3723 | D:3      | Found a runed translucent gate.
  3723 | D:3      | Found a runed translucent gate.
  3723 | D:3      | Noticed Finra's ghost (amateur OgBe)
  3761 | D:3      | Found a hazy altar of Hepliaklqana.
  3886 | D:3      | Found a stormy altar of Qazlal.
  3914 | D:3      | Reached XP level 6. HP: 32/47 MP: 9/9
  4352 | D:4      | Reached skill level 6 in Unarmed Combat
  4866 | D:4      | Noticed Duvessa
  4866 | D:4      | Noticed Dowan
  5162 | D:4      | Noticed Grinder
  5172 | D:4      | Paralysed by Grinder for 3 turns
  5174 | D:4      | Killed Grinder
  5174 | D:4      | Reached skill level 7 in Unarmed Combat
  5174 | D:4      | Your scales start taking on a golden yellow colour.
  5174 | D:4      | Reached XP level 7. HP: 17/52 MP: 7/10
  5174 | D:4      | Gained mutation: You are resistant to acid. (rCorr) [Yellow
                  | Draconian growth]
  5565 | D:5      | Entered Level 5 of the Dungeon
  5565 | D:5      | Found Emunolibb's Armour Shoppe.
  5571 | D:5      | Reached skill level 5 in Transmutations
  5990 | D:5      | Reached skill level 8 in Unarmed Combat
  6191 | D:5      | Reached XP level 8. HP: 49/59 MP: 4/11
  6468 | D:5      | Noticed a slime creature
  6471 | D:5      | Noticed a slime creature
  6961 | D:5      | Reached skill level 9 in Unarmed Combat
  8090 | D:6      | Found a staircase to the Ecumenical Temple.
  8108 | Temple   | Entered the Ecumenical Temple
  8277 | Temple   | Became a worshipper of the Wu Jian Council
  8761 | D:6      | Learned a level 5 spell: Blade Hands
  9102 | D:7      | Noticed emiel's ghost (novice KoIE)
  9107 | D:7      | Found a transporter.
  9168 | D:7      | Reached skill level 10 in Unarmed Combat
  9168 | D:7      | Reached XP level 9. HP: 19/64 MP: 10/12
  9455 | D:7      | Found a transporter.
  9676 | D:7      | Reached * piety under Wu Jian
 10241 | D:8      | Noticed Psyche
 10249 | D:8      | Killed Psyche
 10652 | D:8      | Found a white marble altar of Elyvilon.
 10687 | D:8      | Noticed a two-headed ogre
 10709 | D:8      | Killed a two-headed ogre
 10709 | D:8      | Reached skill level 11 in Unarmed Combat
 11057 | D:8      | Noticed Erica
 11393 | D:4      | Killed Duvessa
 11396 | D:4      | Killed Dowan
 11551 | D:3      | Killed Finra's ghost
 11571 | D:3      | Reached ** piety under Wu Jian
 11930 | D:5      | Reached XP level 10. HP: 59/71 MP: 10/16
 12301 | D:9      | Noticed Maurice
 12313 | D:9      | Killed Maurice
 12695 | D:9      | Reached skill level 12 in Unarmed Combat
 13849 | D:9      | Reached skill level 13 in Unarmed Combat
 14240 | D:10     | Entered Level 10 of the Dungeon
 14466 | D:10     | Reached XP level 11. HP: 76/77 MP: 17/17
 14472 | D:10     | Learned a level 4 spell: Ice Form
 14575 | D:10     | Found a shimmering altar of Xom.
 14777 | D:10     | Reached *** piety under Wu Jian
 14777 | D:10     | Reached skill level 1 in Ice Magic
 14848 | D:10     | Reached skill level 10 in Transmutations
 14883 | D:10     | Found Ragguogo's Armour Shop.
 14915 | D:10     | Found a staircase to the Orcish Mines.
 15010 | D:10     | Noticed a two-headed ogre
 15015 | D:10     | Killed a two-headed ogre
 15229 | D:10     | Found a staircase to the Lair.
 15749 | D:11     | Noticed a five-headed hydra
 15756 | D:11     | Killed a five-headed hydra
 15807 | D:11     | Found a blossoming altar of Fedhas.
 15809 | D:11     | Noticed an oklob plant
 15809 | D:11     | Noticed an oklob plant
 15859 | D:11     | Reached skill level 14 in Unarmed Combat
 15859 | D:11     | Noticed Sonja
 15867 | D:11     | Killed Sonja
 16222 | D:11     | Slain by a manticore

Illustrated notes

Levels and vault maps discovered:
D:1:      onia_arrival_pyramid, layout_rooms, minmay_pentomino_p4
D:2:      layout_loops_ring, lemuel_crystal_altar, hex_medium,
          minmay_misc_feat_tiny, uniq_terence
D:3:      layout_rooms, nicolae_qazlal_general_emergency,
          lemuel_coloured_pillars_altar, gammafunk_ghost_necromancy,
          kennysheep_generic_room_5
D:4:      minmay_evil_eye, layout_basic, minmay_box_of_dots, uniq_grinder,
          uniq_duvessa
D:5:      cheibrodos_fertilizer, layout_loops_ring, serial_shops,
          nicolae_shop_stone, minmay_checkerbox
D:6:      layout_loops_corners, minmay_temple_entry_butterflies
D:7:      layout_basic, gammafunk_ghost_arena
D:8:      layout_basic, elyvilon_altar_1, uniq_psyche, uniq_erica
D:9:      wad_arrow_thing, layout_basic, uniq_maurice
D:10:     layout_roguey, erik_lair_orcish_takeover, orc_david_3,
          chequers_serial_rivers_room_a, xom_confusion_cloud
D:11:     layout_loops_ring, glass_columns_a, hangedman_tree_tricks,
          nicolae_dithmenos_the_darkroom, uniq_sonja
Temple:   regret_index_temple_mists

Skill      XL: |  1  2  3  4  5  6  7  8  9 10 11 |
---------------+----------------------------------+-----
Unarmed Combat | 4 5 7 8 10 11 13 14 | 14.2
Transmutations | 3 4 5 7 8 9 10 | 10.5
Spellcasting   | 4 |  4.0
Ice Magic      | 3 |  3.6
Fighting       | |  1.1
Dodging        | |  1.7

Action                   |  1- 3 |  4- 6 |  7- 9 | 10-12 || total
-------------------------+-------+-------+-------+-------++-------
Melee: Unarmed           |   121 |   198 |   355 |   284 ||   958
       Kick              |    17 |    24 |     8 |     1 ||    50
       Headbutt          |     8 |    12 |     6 |       ||    26
       Tailslap          |    10 |    12 |    17 |    31 ||    70
       Punch             |     2 |       |     9 |    12 ||    23
 Cast: Beastly Appendage |    21 |    25 |     9 |     2 ||    57
       Spider Form       |       |     5 |    29 |     2 ||    36
       Blade Hands       |       |       |     3 |    24 ||    27
       Ice Form          |       |       |       |     2 ||     2
Invok: Lunge             |       |       |    13 |    25 ||    38
       Whirlwind         |       |       |    10 |    16 ||    26
       Serpent's Lash    |       |       |       |     1 ||     1
 Abil: Breathe Acid      |       |       |     1 |     1 ||     2
  Use: Scroll            |     3 |     5 |    12 |     6 ||    26
       Potion            |       |     4 |     2 |     1 ||     7
 Stab: Sleeping          |       |     4 |     8 |     4 ||    16
       Distracted        |       |       |     1 |     1 ||     2
Armor: Skin              |    29 |    69 |    72 |    70 ||   240
Dodge: Dodged            |    92 |   123 |   266 |   126 ||   607

Table legend: (Time is in decaauts)
 A = Elapsed time spent in this place.
 B = Non-inter-level travel time spent in this place.
 C = Inter-level travel time spent in this place.
 D = Time resting spent in this place.
 E = Time spent auto-exploring this place.
 F = Levels seen in this place.
 G = Mean time per level.
                   A        B        C        D        E       F      G
               +--------+--------+--------+--------+--------+-----+--------+
         Total |  16178 |  15331 |    847 |   2061 |  11177 |  12 | 1348.2 |
       Dungeon |  15936 |  15128 |    808 |   2061 |  10976 |  11 | 1448.7 |
        Temple |    242 |    204 |     38 |      0 |    201 |   1 |  242.0 |
               +--------+--------+--------+--------+--------+-----+--------+

Top non-repeatable levels by time:
     D:2: 2461 daAuts
     D:9: 2083 daAuts
     D:5: 1798 daAuts
     D:4: 1735 daAuts
     D:6: 1479 daAuts
    D:10: 1419 daAuts
     D:8: 1307 daAuts
     D:7: 1202 daAuts
     D:3: 1148 daAuts
     D:1: 753 daAuts
    D:11: 547 daAuts
  Temple: 242 daAuts
